 Dungeon Crawl Stone Soup version 0.31.0-11-ge490571c62 (webtiles) character file.

Game seed: 4168726141442646733

147 shadizar the Magician (level 5, -4/40 HPs)
             Began as a Djinni Fire Elementalist on Jan 27, 2024.
             Constricted to death by Ijyb (6 damage)
             ... on level 3 of the Dungeon.
             The game lasted 00:04:24 (2474 turns).

shadizar the Magician (Djinni Fire Elementalist)    Turns: 2474, Time: 00:04:25

Health: -4/40      AC:  3    Str:  7    XL:     5   Next: 54%
Gold:   185        EV:  9    Int: 19    God:
                   SH:  0    Dex: 13

rFire   + + .        (no weapon)
rCold   x . .        (no shield)
rNeg    . . .        a - +0 robe
rPois   ∞            (no helmet)
rElec   .            b - +0 cloak
rCorr   .            (no gloves)
SInv    .            (boots unavailable)
Will    .....        (no amulet)
Stlth   ++           (no ring)
HPRegen 0.26/turn    (no ring)
MPRegen 0.00/turn

%: infuse magic (-5 HP)
@: grasped by roots, flying, very slightly contaminated, constricted
A: sickness immunity, fire resistance 2, cold vulnerability 1, float, innate
caster, HP casting, extra vitality 1
a: no special abilities


You were on level 3 of the Dungeon.
You visited 1 branch of the dungeon, and saw 3 of its levels.

You collected 185 gold pieces.

Inventory:

Armour
 a - a +0 robe (worn)
 b - a +0 cloak (worn)
Jewellery
 h - a ring of fire
Wands
 m - a wand of flame (13)
Scrolls
 c - a scroll of blinking {unknown}
 d - a scroll of silence {unknown}
 i - a scroll of teleportation {unknown}
 j - a scroll of vulnerability {unknown}
 n - a scroll of fog {unknown}
 o - a scroll of poison {unknown}
Potions
 e - a potion of enlightenment {unknown}
 f - a potion of haste {unknown}
 g - a potion of heal wounds {unknown}
 k - 2 potions of curing {unknown}
 l - a potion of mutation {unknown}


   Skills:
 + Level 3.3 Fighting
 - Level 2.1 Dodging
 - Level 1.5 Stealth
 + Level 4.1 Spellcasting
 + Level 4.1 Conjurations
 + Level 4.1 Hexes
 + Level 4.1 Summonings
 + Level 4.1 Necromancy
 + Level 4.1 Translocations
 + Level 4.1 Fire Magic
 + Level 4.1 Ice Magic
 + Level 4.1 Air Magic
 + Level 4.1 Earth Magic
 + Level 4.1 Alchemy


You knew the following spells:

 Your Spells              Type           Power      Damage    Failure   Level
a - Foxfire               Conj/Fire      76%        2x1d7     2%          1
b - Scorch                Fire           38%        2d6       3%          2
c - Volatile Blastmotes   Fire/Tloc      38%        2d13      8%          3
d - Inner Flame           Hex/Fire       19%        N/A       8%          3
e - Flame Wave            Conj/Fire      19%        2d7       26%         4
f - Kiss of Death         Conj/Necr      76%        2d11      2%          1
g - Momentum Strike       Conj/Tloc      38%        3d9       3%          2
Your spell library was empty.

Dungeon Overview and Level Annotations

Branches:
Dungeon (3/15)

Altars:
Zin

Shops:
D:2 ?

Annotations:
D:2 1 runed translucent door, Crazy Yiuf
D:3 1 runed translucent door, Ijyb


Innate Abilities, Weirdness & Mutations

You are immune to sickness and miasma.
You are immune to poison.
Your flesh is very heat resistant. (rF++)
You are vulnerable to cold. (rC-)
You float through the air rather than walking.
You learn spells naturally, not from books.
Your magical power is your life essence.
You have superior vitality. (+4 MHP)


Message History

Confirm with . or Enter, or press ? or * to list all spells.
You conjure some foxfire!
Ijyb closely misses you.
Unknown command.
Casting: Foxfire (safe; 2% risk of failure)
Confirm with . or Enter, or press ? or * to list all spells.
Aiming: Momentum Strike (safe; 3% risk of failure)
Press: ? - help, Dir - move target, f - Ijyb
Aim: Ijyb, wielding a +0 club, wearing a +0 scale mail and carrying a wand of roots (moderately wounded, more vulnerable to fire, ally target, 68% to hit)
Okay, then.
Casting: Momentum Strike (safe; 3% risk of failure)
Confirm with . or Enter, or press ? or * to list all spells.
Flames lash Ijyb.
Ijyb is burned terribly!
Ijyb is almost dead.
The foxfire hits the kobold!
You kill the kobold!
Ijyb hits you with a +0 club.
* * * LOW HITPOINT WARNING * * *
Unknown command.
Unknown command.
Unknown command.
Unknown command.
Casting: Scorch (safe; 3% risk of failure)
Confirm with . or Enter, or press ? or * to list all spells.
You miscast Foxfire.
Nothing appears to happen.
* * * LOW HITPOINT WARNING * * *
Ijyb zaps a wand.
The roots erupt in riotous growth!
The grasping roots grab you!
Ijyb is unaffected.
Your foxfire is unaffected.
The grasping roots constrict you.
* * * LOW HITPOINT WARNING * * *
Okay, then.
Casting: Foxfire (safe; 2% risk of failure)
Confirm with . or Enter, or press ? or * to list all spells.
You conjure some foxfire!
* * * LOW HITPOINT WARNING * * *
Ijyb hits you with a +0 club.
* * * LOW HITPOINT WARNING * * *
The grasping roots constrict you.
You die...

######.##.# #.
#............# ..
#.#######.)### ...
#.# #).# ##+#
##.## #..# #~~~
#[<.### #..#
#.##.....# #.<####
#...gvv#.# #.....#
#@##.# ##.####
#v##.# #.# #.##.#
#.# #.#####.##.#
#.# #........).#
#.#
#######.#.######.#
#.#........#
#.#.######## #.#.#


You could see Ijyb (combustible, ally target).

Vanquished Creatures
  3 gnolls (D:3)
  5 adders
  2 dart slugs
  4 orcs (D:3)
  8 endoplasms
  A giant cockroach (D:2)
  9 goblins
  A hobgoblin (D:2)
  3 kobolds
  3 quokkas
  11 ball pythons
  3 bats
  4 frilled lizards
  8 rats
65 creatures vanquished.

Vanquished Creatures (others)
  301 foxfires
301 creatures vanquished.

Grand Total: 366 creatures vanquished

Notes
Turn   | Place    | Note
-------+----------+-------------------------------------------
     0 | D:1      | shadizar the Djinni Fire Elementalist began the quest for
                  | the Orb.
     0 | D:1      | shadizar set off with the following spells memorised:
                  | Foxfire, Scorch, Volatile Blastmotes, Inner Flame, Flame
                  | Wave.
     0 | D:1      | Reached XP level 1. HP: 15/15 MP: 0/0
   184 | D:1      | Reached XP level 2. HP: 17/22 MP: 0/0
   269 | D:1      | Reached skill level 1 in Fighting
   871 | D:2      | Reached XP level 3. HP: 25/27 MP: 0/0
   871 | D:2      | Learned a level 1 spell: Kiss of Death
  1215 | D:2      | Found Ononip's Magic Scroll Shop.
  1564 | D:2      | Reached XP level 4. HP: 30/33 MP: 0/0
  1722 | D:2      | Found a runed translucent door.
  1726 | D:2      | Noticed Crazy Yiuf
  2007 | D:3      | Reached XP level 5. HP: 37/40 MP: 0/0
  2007 | D:3      | Learned a level 2 spell: Momentum Strike
  2240 | D:3      | Found a glowing silver altar of Zin.
  2328 | D:3      | Found a runed translucent door.
  2465 | D:3      | Noticed Ijyb
  2474 | D:3      | HP: 2/40 [Ijyb/+0 club (3)]
  2474 | D:3      | Constricted to death by Ijyb

Illustrated notes

Levels and vault maps discovered:
D:1:      dpeg_arrival_arbitrary_c, layout_loops_ring
D:2:      layout_loops_ring, serial_shops, shop, minmay_pentomino_w2,
          uniq_crazy_yiuf_cottage
D:3:      layout_loops_ring, mainiacjoe_overflow_alcove_4, zin_scriptorium,
          ebering_ghost_sewer_f, uniq_natasha, uniq_grinder, uniq_ijyb

Skill      XL: |  1  2  3  4  5 |
---------------+----------------+-----
Fighting       | 1 2 3 |  3.3
Spellcasting   | 4 |  4.1
Conjurations   | 4 |  4.1
Hexes          | 4 |  4.1
Summonings     | 4 |  4.1
Necromancy     | 4 |  4.1
Translocations | 4 |  4.1
Fire Magic     | 4 |  4.1
Ice Magic      | 4 |  4.1
Air Magic      | 4 |  4.1
Earth Magic    | 4 |  4.1
Alchemy        | 4 |  4.1
Dodging        | |  2.1
Stealth        | |  1.5

Action                     |  1- 3 |  4- 6 || total
---------------------------+-------+-------++-------
  Melee: Unarmed           |       |     1 ||     1
   Cast: Foxfire           |   134 |    90 ||   224
         Scorch            |       |     3 ||     3
 Armour: Robe              |    11 |    12 ||    23
  Dodge: Dodged            |    10 |    14 ||    24
